 Dungeon Crawl Stone Soup version 0.26-b1-52-g61e05abef2 (webtiles) character file.

Game seed: 18184504939799233118

212 raceaflais the Chopper (level 6, -4/42 HPs)
             Began as a Halfling Berserker on Jan 7, 2021.
             Was a Believer of Trog.
             Killed by divine providence
             ... invoked by an orc priest
              (12 damage)
             ... on level 2 of the Dungeon.
             The game lasted 00:03:31 (1927 turns).

raceaflais the Chopper (Halfling Berserker)         Turns: 1927, Time: 00:03:33

Health: -4/42      AC: 10    Str: 20    XL:     6   Next: 14%
Magic:  6/6        EV: 13    Int:  5    God:    Trog [**....]
Gold:   60         SH:  0    Dex: 14    Spells: 5/5 levels left

rFire    + + .     SeeInvis .   a - +0 hand axe
rCold    x . .     Faith    .   (shield restricted)
rNeg     . . .     Spirit   .   b - +0 fire dragon scales
rPois    .         Reflect  .   i - +0 helmet
rElec    .         Harm     .   (no cloak)
rCorr    .         Rampage  .   (no gloves)
Will     .....                  (no boots)
Stlth    ..........             (no amulet)
HPRegen  0.14/turn              (no ring)
MPRegen  0.10/turn              (no ring)

@: mighty, lethally poisoned (-4 -> -12), berserk cooldown, slowed, very slow
A: small, mutation resistance 1
a: Renounce Religion, Berserk, Trog's Hand


You were on level 2 of the Dungeon.
You worshipped Trog.
Trog was pleased with you.
You visited 1 branch of the dungeon, and saw 2 of its levels.

You collected 60 gold pieces.

Inventory:

Hand Weapons
 a - a +0 hand axe (weapon)
Armour
 b - +0 fire dragon scales (worn)
 d - a +0 plate armour
 i - a +0 helmet (worn)
Jewellery
 g - an uncursed ring of fire {unknown}
Scrolls
 f - a scroll of fog {unknown}


   Skills:
 + Level 3.6 Fighting
 + Level 5.1 Axes
 + Level 2.8 Armour
 + Level 2.9 Dodging
 + Level 0.2 Stealth


You had 5 spell levels left.
You didn't know any spells.
Your spell library was empty.

Dungeon Overview and Level Annotations

Branches:
Dungeon (2/15)

Altars:
Zin


Innate Abilities, Weirdness & Mutations

You are small and have problems with some larger weapons.
You are somewhat resistant to further mutation.


Message History

The orc priest miscasts a cantrip.
The orc wizard gestures at you while chanting.
The puff of flame misses you.
As you read the scroll labelled PAZYMM HIGI, it crumbles to dust.
It is a scroll of amnesia.
You feel forgetful for a moment.
* * * LOW HITPOINT WARNING * * *
You feel sick.
The hobgoblin hits you but does no damage.
The orc wizard hits you but does no damage.
The orc priest miscasts a cantrip.
The hobgoblin barely misses you.
The orc priest looks encouraged for a moment.
As you read the scroll labelled ZOWYAS CIMUR, it crumbles to dust.
You feel blessed for a moment.
It was a scroll of remove curse.
* * * LOW HITPOINT WARNING * * *
You feel sick. The orc wizard closely misses you.
The orc priest calls down the wrath of Beogh upon you.
Beogh smites you!
You die...

#.#.....#####.
#.##...##.....
#..((##.......
##.().........
#)†(.........
###...(........
#........#####
#.#...(.(####..#
#.......@ol.....
#########g###.##


S{o .#o.. .#?##.. .# # . .# .. You could see 2 orc priests, an orc wizard, an
adder, a hobgoblin and a frilled lizard.

Vanquished Creatures
  2 orc priests (D:2)
  2 orc wizards (D:2)
  A worker ant (D:2)
  3 gnolls (D:2)
  An ooze (D:1)
  3 dart slugs
  An orc (D:2)
  4 bats
  A giant cockroach (D:2)
  8 goblins
  3 hobgoblins
  3 jackals (D:1)
  4 kobolds
  2 frilled lizards (D:1)
  5 rats (D:1)
43 creatures vanquished.

Notes
Turn   | Place    | Note
-------+----------+-------------------------------------------
     0 | D:1      | raceaflais the Halfling Berserker began the quest for the
                  | Orb.
     0 | D:1      | Reached XP level 1. HP: 15/15 MP: 1/1
   187 | D:1      | Reached XP level 2. HP: 16/20 MP: 2/2
   492 | D:1      | Reached XP level 3. HP: 26/26 MP: 3/3
   721 | D:1      | Reached ** piety under Trog
   897 | D:2      | Reached XP level 4. HP: 16/31 MP: 4/4
  1365 | D:2      | Reached skill level 4 in Axes
  1555 | D:2      | Reached XP level 5. HP: 30/36 MP: 5/5
  1566 | D:2      | Reached skill level 5 in Axes
  1891 | D:2      | Found a glowing silver altar of Zin.
  1909 | D:2      | Reached XP level 6. HP: 42/42 MP: 6/6
  1927 | D:2      | Killed from afar by an orc priest

Illustrated notes

Levels and vault maps discovered:
D:1:      dpeg_arrival_radiant, layout_basic, minmay_misc_feat_tower,
          serial_park_tiny_2, hex_medium
D:2:      layout_rooms, zin_academy

Skill      XL: |  1  2  3  4  5 |
---------------+----------------+-----
Fighting       | 3 |  3.6
Axes           | 4 5 |  5.1
Armour         | |  2.8
Dodging        | |  2.9
Stealth        | |  0.2

Action                   |  1- 3 |  4- 6 || total
-------------------------+-------+-------++-------
Melee: Hand axe          |    95 |    46 ||   141
Invok: Berserk           |       |     3 ||     3
  Use: Scroll            |       |     4 ||     4
       Potion            |       |     1 ||     1
Armor: Animal skin       |     1 |       ||     1
       Plate armour      |    47 |       ||    47
       Fire dragon scale |    10 |    27 ||    37
Dodge: Dodged            |    64 |    38 ||   102
